[Event "Early-Titled-Tuesday-Blitz-January-23-2024"]
[Site "Chess.com"]
[Date "2024.01.23"]
[Round "2"]
[White "mertfelin"]
[Black "Zheenbekov86"]
[Result "0-1"]
[WhiteElo "2260"]
[BlackElo "2510"]
[TimeControl "180+1"]
[EndTime "8:17:47 PST"]
[Termination "Zheenbekov86 won by resignation"]

1. e4 c6 2. Nc3 d5 3. Nf3 dxe4 4.
Nxe4 Nf6 5. Qe2 Nxe4 6. Qxe4 Qd5 7. Qh4 Qe6+ 8. Be2 Qg6 9. O-O Qxc2 10. Re1 Nd7 11. d4 Nf6 12. Ne5 Bf5 13. h3 e6 14.
Bg5 Be7 15. b3 O-O 16. Bf3 Qb2 17. Nd7 Nxd7 18. Bxe7 Rfe8 19. Bd6 Bg6 20. Qg3 Nf6 21. Be5 Nd7 22. h4 Nxe5 23. dxe5 h6 24. Qf4 Rad8 25. Qb4 Rd2 26. Rf1 Rxf2 27. Qxb7 Rxf1+ 28. Rxf1 Qd4+ 29. Rf2 Qxh4 30. Qxc6 Rd8 31. Rf1 Qd4+ 32. Kh1 Qxe5 33.
Qb7 Qc5 34. Be4 Rd4 35. Qb8+ Kh7 36. Bxg6+ fxg6 37. Qg3 g5 38. Rf2 Rh4+ 39. Kg1 Rd4 40. Kh2 a5 0-1

[Event "Early-Titled-Tuesday-Blitz-January-23-2024"]
[Site "Chess.com"]
[Date "2024.01.23"]
[Round "2"]
[White "ElDivis"]
[Black "PepeCuenca"]
[Result "0-1"]
[WhiteElo "2440"]
[BlackElo "2721"]
[TimeControl "180+1"]
[EndTime "8:17:48 PST"]
[Termination "PepeCuenca won by resignation"]

1. d4 Nf6 2. Nf3 g6 3. g3 Bg7 4. Bg2 O-O 5. O-O d6 6. c4 Nc6 7. Nc3 a6 8. Bf4 Rb8 9. Qd2 b5 10. cxb5 axb5 11. a3 Na5 12. Rad1 Bf5 13. e4 Bg4 14. h3 Bxf3 15. Bxf3 Nd7 16. Be2 Nb3 17. Qe3 Nxd4 18. Bh6 Bxh6 19. Qxh6 e5 20. f4 f6 21. f5 g5 22. h4 c6 23. Kh2 Qe7 24.
Bg4 Qg7 25. Qxg7+ Kxg7 26. Ne2 c5 27. Nc3 Nb6 28. hxg5 fxg5 29. Kg2 h6 30. Rh1 b4 31. Ne2 Nc4 32. Nxd4 cxd4 33. Rc1 Ne3+ 34. Kf3 bxa3 35. Rc7+ Rf7 36. Rxf7+ Kxf7 37. bxa3 Kg7 38. Rc1 Rb3 39. Rc7+ Kf8 40. Kf2 0-1

[Event "Early-Titled-Tuesday-Blitz-January-23-2024"]
[Site "Chess.com"]
[Date "2024.01.23"]
[Round "2"]
[White "simonachess"]
[Black "twofoxniel"]
[Result "0-1"]
[WhiteElo "2340"]
[BlackElo "2691"]
[TimeControl "180+1"]
[EndTime "8:17:48 PST"]
[Termination "twofoxniel won on time"]

1. d4 d5 2. c4 c6 3. Nc3 dxc4 4. Nf3 Nf6 5. e4 b5 6. Qc2 e6 7. Ne2 Be7 8. Ng3 Bb7 9. Be2 Nbd7 10. O-O O-O 11. Rd1 Qc7 12. e5 Nd5 13. Bg5 h6 14. Bxe7 Nxe7 15. Ne4 c5 16. Nd6 a6 17. a4 Bc6 18. b3 cxb3 19. Qxb3 bxa4 20. Qc2 Rab8 21. dxc5 Bxf3 22. Bxf3 Qxc5 23. Qxa4 Nxe5 24. Be2 Nd5 25. Ne4 Qb4 26. Bxa6 Qxa4 27. Rxa4 f5 28. Nc5 Nc3 29. Rad4 Nxd1 30. Rxd1 Rfd8 31. Re1 Rd6 32. Bf1 Nf7 33. f4 Re8 34. h3 Kf8 35. Kf2 Nd8 36. Nd3 Rd4 37.
g3 Nf7 38. Be2 e5 39. fxe5 Nxe5 40. Nf4 g5 0-1

[Event "Early-Titled-Tuesday-Blitz-January-23-2024"]
[Site "Chess.com"]
[Date "2024.01.23"]
[Round "2"]
[White "JuniorJumper"]
[Black "Seochesspie"]
[Result "1-0"]
[WhiteElo "2568"]
[BlackElo "2801"]
[TimeControl "180+1"]
[EndTime "8:17:49 PST"]
[Termination "JuniorJumper won by resignation"]

1. b3 d6 2. Bb2 e5 3. e3 g6 4. d4 Bg7 5. dxe5 Nd7 6. Nf3 dxe5 7.
Bc4 Nh6 8. O-O O-O 9. e4 Nb6 10. Be2 Qe7 11. Ba3 c5 12. Nbd2 Ng4 13. Ne1 Nf6 14. Nd3 Nbd7 15. Bb2 b6 16. a4 Bb7 17. f3 Rad8 18. Qe1 Ne8 19. Nc4 f6 20. Ne3 Nc7 21. Nf2 Rfe8 22. Bc4+ Kh8 23. Rd1 Nf8 24. Qe2 Nfe6 25. c3 Bh6 26. g3 Bg7 27. Bc1 Rxd1 28. Rxd1 Rd8 29. Rxd8+ Qxd8 30. Qd3 Qxd3 31. Nxd3 Bf8 32.
Nf2 Kg7 33. Kf1 h5 34. Ke2 Kf7 35. Nd5 Nxd5 36. exd5 Ng7 37. Bh6 Bd6 38. Ne4 Nf5 39. g4 hxg4 40. fxg4 Nxh6 41. Nxd6+ Kf8 42. Nxb7 Nxg4 43.
h3 Nh6 44. Nd6 Ke7 45. Nc8+ Kd8 46. Nxa7 Nf5 47. Bd3 1-0

[Event "Early-Titled-Tuesday-Blitz-January-23-2024"]
[Site "Chess.com"]
[Date "2024.01.23"]
[Round "2"]
[White "starworld123"]
[Black "stasOR4ik"]
[Result "1-0"]
[WhiteElo "2839"]
[BlackElo "2421"]
[TimeControl "180+1"]
[EndTime "8:17:50 PST"]
[Termination "starworld123 won by checkmate"]

1. Nf3 d5 2. d4 Nf6 3. e3 Bg4 4. Be2 e6 5. h3 Bh5 6. b3 Nbd7 7.
Bb2 a5 8. a3 Bd6 9. Nbd2 O-O 10. O-O Qe7 11. Ne5 Bxe2 12. Qxe2 Ne4 13. Nxe4 dxe4 14. Nc4 a4 15. b4 c6 16. Nxd6 Qxd6 17. c4 Rab8 18. Qc2 b5 19. cxb5 cxb5 20. Qxe4 Nb6 21. Rac1 Nc4 22. Rc2 Rfc8 23. Rfc1 Qd5 24. Qg4 f5 25. Qe2 Rc6 26. f3 Rbc8 27. e4 Qd7 28.
Kh1 h6 29. Qf2 Nd6 30. exf5 Nxf5 31. Rc5 Nd6 32. d5 Rxc5 33. bxc5 Nc4 34. d6 Qc6 35. Bd4 Qd5 36. f4 g5 37. fxg5 e5 38. gxh6 exd4 39. Qg3+ Kf8 40. Qg7+ Ke8 41. Qe7# 1-0

[Event "Early-Titled-Tuesday-Blitz-January-23-2024"]
[Site "Chess.com"]
[Date "2024.01.23"]
[Round "2"]
[White "SnekkerAndersen"]
[Black "AlexandraSamaganova"]
[Result "0-1"]
[WhiteElo "2639"]
[BlackElo "2384"]
[TimeControl "180+1"]
[EndTime "8:17:50 PST"]
[Termination "AlexandraSamaganova won by checkmate"]

1. a3 c5 2. h3 Nc6 3. d3 g6 4. e3 Bg7 5. Nc3 Nf6 6. Bd2 O-O 7. e4 d5 8. Nf3 dxe4 9. Nxe4 Nxe4 10. dxe4 Bxb2 11. Rb1 Bg7 12. Bc4 Nd4 13. Nxd4 Qxd4 14. Qe2 Rd8 15. c3 Qd6 16. Rd1 a6 17. O-O Qc7 18. a4 Bd7 19. Qf3 e6 20. Bg5 Re8 21. Bf4 Qc8 22. Rd6 Bc6 23. Rfd1 b5 24. axb5 axb5 25.
Bf1 Ra3 26. Bg5 Rxc3 27. Qf4 e5 28. Qh4 h5 29. Rd8 Qe6 30. R1d6 Qb3 31. Rxc6 Rxd8 32. Bxd8 Rc1 33. Bg5 Rd1 34. g4 Qd3 35. Rc8+ Kh7 36. Kg2 Qxf1+ 37. Kg3 Rd3+ 38. Kh2 Rd1 39. Kg3 Qg1+ 40.
Kf3 Rd3+ 41. Ke2 Qd1# 0-1

[Event "Early-Titled-Tuesday-Blitz-January-23-2024"]
[Site "Chess.com"]
[Date "2024.01.23"]
[Round "2"]
[White "wonderfultime"]
[Black "vladgoncharov"]
[Result "1-0"]
[WhiteElo "3033"]
[BlackElo "2634"]
[TimeControl "180+1"]
[EndTime "8:17:51 PST"]
[Termination "wonderfultime won on time"]

1. d4 Nf6 2. Nf3 e6 3. Bf4 b6 4. e3 Bb7 5. c4 c5 6. Nc3 cxd4 7.
Nxd4 a6 8. a3 d6 9. Nf3 Qc7 10.
Be2 Nbd7 11. O-O Be7 12. Rc1 h6 13. Bg3 Nh5 14. Qc2 Nxg3 15. hxg3 O-O 16. Rfd1 Rac8 17. b4 Rfd8 18. Qb3 Nf6 19. Na4 b5 20. Nb2 d5 21.
c5 e5 22. a4 Bc6 23. axb5 axb5 24. Ra1 Bf8 25. Ra6 g5 26. Rb6 Rb8 27. Rxc6 Qxc6 28. Nxe5 Qe8 29. Nf3 Bg7 30. Nd3 Ne4 31. Bf1 Ra8 32.
Nd4 Rdb8 33. Nf5 Qe6 34. g4 Ra6 35. f3 Nf6 36. Nc1 Rba8 37. Ne2 Ra3 38. Qc2 Rxe3 39. Ned4 Qe8 40. Bxb5 Qe5 41. Nxe3 Qxe3+ 42. Qf2 Qc3 43. Qd2 Qa3 44. c6 Ne8 45. Nf5 1-0

[Event "Early-Titled-Tuesday-Blitz-January-23-2024"]
[Site "Chess.com"]
[Date "2024.01.23"]
[Round "2"]
[White "jaskol95"]
[Black "GMSrinath"]
[Result "0-1"]
[WhiteElo "2558"]
[BlackElo "2834"]
[TimeControl "180+1"]
[EndTime "8:17:51 PST"]
[Termination "GMSrinath won by checkmate"]

1. d4 d5 2. Nc3 Nf6 3. Bf4 c5 4. e4 Nxe4 5. Nxe4 dxe4 6. dxc5 Qa5+ 7. c3 Qxc5 8. Qa4+ Nc6 9. Qxe4 g6 10. Nf3 Bg7 11.
Rd1 Bf5 12. Qa4 Qb6 13. Bb5 O-O 14. O-O a6 15. Bxc6 bxc6 16. Be5 Qxb2 17. Bxg7 Kxg7 18.
Qxc6 Qxa2 19. Nd4 Rfd8 20. Nxf5+ gxf5 21. Qc7 Rxd1 22. Rxd1 Qe2 23. Qd7 a5 24. h4 e6 25.
Rd3 f4 26. Rf3 Qe4 27. Qd6 e5 28. h5 h6 29. Rh3 a4 30. Rh4 Qf5 31. f3 a3 32. Rg4+ Kh7 33. Qd1 Rb8 34. Qa4 Rb1+ 35. Kf2 Rb2+ 36. Kg1 a2 37. Qa6 Rb1+ 38. Kh2 Qxh5+ 39.
Rh4 Qxh4# 0-1

[Event "Early-Titled-Tuesday-Blitz-January-23-2024"]
[Site "Chess.com"]
[Date "2024.01.23"]
[Round "2"]
[White "bangchess21"]
[Black "Casper"]
[Result "0-1"]
[WhiteElo "2769"]
[BlackElo "2555"]
[TimeControl "180+1"]
[EndTime "8:17:51 PST"]
[Termination "Casper won on time"]

1. d4 d5 2. Nc3 Nf6 3. Bf4 g6 4. e3 Bg7 5. h4 h6 6. Be2 Nc6 7. Nb5 O-O 8. Nxc7 Rb8 9. Nb5 Ra8 10. Nf3 Bg4 11. a4 a6 12. Na3 Qb6 13. Rb1 Qa5+ 14.
c3 Bf5 15. Ra1 Qb6 16. Ra2 Rfc8 17. O-O Na5 18. Nd2 Ne4 19. Nxe4 Bxe4 20. b4 Nc6 21. a5 Qd8 22. Bg3 e5 23. Bd3 h5 24. Bxe4 dxe4 25.
Qb3 exd4 26. cxd4 Ne7 27. Nc4 Qd5 28. Rc2 Rc6 29. Rfc1 Rac8 30. Bf4 Nf5 31. g3 Bxd4 32. exd4 Nxd4 33. Qe3 Nxc2 34. Rxc2 Rxc4 35. Rd2 Rc1+ 36.
Kg2 Qe6 37. Bh6 Qf5 38. Bf4 Rb1 39. Rd6 Rcc1 40. Rd8+ Kh7 0-1

[Event "Early-Titled-Tuesday-Blitz-January-23-2024"]
[Site "Chess.com"]
[Date "2024.01.23"]
[Round "2"]
[White "dirk_da_player"]
[Black "Yeritsyaan"]
[Result "0-1"]
[WhiteElo "2361"]
[BlackElo "2642"]
[TimeControl "180+1"]
[EndTime "8:17:51 PST"]
[Termination "Yeritsyaan won on time"]

1. e4 e6 2. d4 a6 3. Bd3 d5 4. c3 c5 5. exd5 Qxd5 6. Nf3 Nc6 7.
O-O Nf6 8. Be3 cxd4 9. Nxd4 Bd7 10. Be2 Ne5 11. Nd2 Rd8 12. N2f3 Nfg4 13. Bf4 Ng6 14. Bg3 h5 15. Nh4 Nxh4 16. Bxh4 g5 17. Bg3 h4 18.
Bc7 Rc8 19. Bf3 Qc4 20. Bxg4 Rxc7 21. Re1 Bc5 22. Qf3 Rh6 23. Qe3 Be7 24. Nf5 Qxg4 25. Nxh6 Qh5 26. Ng8 Bd8 27. Qe5 Qg6 28. Nf6+ Qxf6 29.
Qe4 Bc6 30. Qe3 Rd7 31. Rad1 Rxd1 32. Rxd1 Bc7 33. f3 Qf4 34. Qd3 Qxh2+ 35. Kf1 h3 0-1

[Event "Early-Titled-Tuesday-Blitz-January-23-2024"]
[Site "Chess.com"]
[Date "2024.01.23"]
[Round "2"]
[White "tigurones"]
[Black "AlexTruskavetsky"]
[Result "0-1"]
[WhiteElo "2374"]
[BlackElo "2690"]
[TimeControl "180+1"]
[EndTime "8:17:52 PST"]
[Termination "AlexTruskavetsky won by checkmate"]

1. d4 Nf6 2. Nf3 e6 3. Bf4 d5 4. e3 Bd6 5. Bg3 O-O 6. Bd3 Ne4 7. Ne5 f6 8. Bxe4 dxe4 9. Nc4 b6 10. Nbd2 Ba6 11.
Nxd6 cxd6 12. Nxe4 d5 13. Nc3 Qe7 14. Qd2 Nc6 15.
Ne2 Qb4 16. c3 Qb5 17. a4 Qc4 18. Nc1 Na5 19. b4 Nb3 20. Nxb3 Qxb3 21. b5 Bb7 22.
O-O Rfc8 23. Rfc1 Qc4 24. Bd6 a6 25. bxa6 Rxa6 26. Bb4 Bc6 27. Qd1 Rca8 28. Qg4 Bd7 29. Qf4 Qc6 30. h3 Rxa4 31. Rxa4 Rxa4 32. Qb8+ Be8 33.
Qd8 Ra8 34. Qe7 Bg6 35. Qd6 Qxd6 36. Bxd6 Kf7 37. f4 Ra2 38. Rf1 Rc2 39. Bb4 Re2 40.
Ra1 Be4 41. Ra7+ Kg6 42. g4 f5 43. g5 Kh5 44. Rxg7 Kh4 45. Rxh7+ Kg3 46. Kf1 Rxe3 47. c4 dxc4 48. Be1+ Kf3 49. Bf2 Re2 50.
Be1 Bd3 51. g6 Re4+ 52. Kg1 Rxe1+ 53. Kh2 Re2+ 54. Kg1 c3 55. g7 Rg2+ 56. Kh1 c2 57. g8=Q c1=Q# 0-1

[Event "Early-Titled-Tuesday-Blitz-January-23-2024"]
[Site "Chess.com"]
[Date "2024.01.23"]
[Round "2"]
[White "Licancabur"]
[Black "EdmundPlayer"]
[Result "0-1"]
[WhiteElo "2483"]
[BlackElo "2259"]
[TimeControl "180+1"]
[EndTime "8:17:52 PST"]
[Termination "EdmundPlayer won by checkmate"]

1. d4 Nf6 2. Bg5 e6 3. e4 h6 4. Bxf6 Qxf6 5. c3 Qd8 6. Nd2 d5 7. Bd3 Nd7 8. Qe2 Be7 9. Ngf3 dxe4 10. Nxe4 O-O 11. O-O b6 12. Neg5 Bb7 13. Nxe6 fxe6 14. Qxe6+ Kh8 15. Qg6 Nf6 16. Ne5 Bd5 17. Rae1 Bd6 18.
Ng4 Bg8 19. Nxh6 Bh7 20. Nf7+ Rxf7 21. Qxf7 Bxd3 22. Re3 Bh7 23. Rfe1 Qf8 24. Qc4 Qg8 25. Qc6 Qxa2 26. Qxa8+ Bg8 27. b4 Qd2 28. Qf3 Qc2 29. h3 Qg6 30. g3 Kh7 31. Qg2 Bd5 32. Qf1 Qf5 33. Qe2 c6 34. f3 b5 35. g4 Qf4 36.
Qg2 Bc4 37. Kf2 Nd5 38. R3e2 Nxc3 39. Re3 Nd5 40. Qg3 Qxg3# 0-1

[Event "Early-Titled-Tuesday-Blitz-January-23-2024"]
[Site "Chess.com"]
[Date "2024.01.23"]
[Round "2"]
[White "abhidabhi"]
[Black "Chernobay_Artem"]
[Result "1/2-1/2"]
[WhiteElo "2928"]
[BlackElo "2612"]
[TimeControl "180+1"]
[EndTime "8:17:53 PST"]
[Termination "Game drawn by repetition"]

1. Nf3 Nf6 2. g3 g6 3. b3 Bg7 4. Bb2 O-O 5. Bg2 b6 6. O-O Bb7 7. c4 c5 8. Nc3 Na6 9. Rc1 Nc7 10. d4 cxd4 11. Nxd4 Bxg2 12. Kxg2 Qc8 13. e4 Qb7 14. f3 a6 15. Nd5 e6 16. Nxf6+ Bxf6 17. Qe2 d5 18.
cxd5 exd5 19. Nc6 Bxb2 20. Qxb2 Rfe8 21. Qf6 dxe4 22. fxe4 Ne6 23. Kg1 Nc5 24. Ne5 Nxe4 25. Qf4 f5 26. Ng4 Qg7 27. Rc7 Re7 28. Nh6+ Kh8 29.
Rfc1 Rae8 30. Rxe7 Qxe7 31. Rc7 Qf6 32. Nf7+ Kg8 33.
Nh6+ Kh8 34. Nf7+ Kg8 35. Nh6+ Kh8 1/2-1/2

[Event "Early-Titled-Tuesday-Blitz-January-23-2024"]
[Site "Chess.com"]
[Date "2024.01.23"]
[Round "2"]
[White "MetiForce"]
[Black "Russian_berezka"]
[Result "0-1"]
[WhiteElo "2860"]
[BlackElo "2599"]
[TimeControl "180+1"]
[EndTime "8:17:53 PST"]
[Termination "Russian_berezka won by checkmate"]

1. d4 g6 2. e4 Bg7 3. Nc3 d5 4. exd5 Nf6 5. Bc4 Nbd7 6. Qf3 Nb6 7. Bb3 a5 8. a3 Bg4 9. Qg3 Bf5 10. Nge2 Nbxd5 11. Nxd5 Nxd5 12. O-O c6 13. c4 Nf6 14. Be3 O-O 15. Ba2 Qd7 16. h3 h5 17. Bb1 b5 18.
Rc1 Rab8 19. cxb5 Rxb5 20. Bxf5 Qxf5 21. Rxc6 Rxb2 22. Nc3 Ne4 23. Nxe4 Qxe4 24. Rc4 Rb1+ 25. Rxb1 Qxb1+ 26. Kh2 Qb3 27. Qc7 Qxa3 28. Rc5 a4 29. Qxe7 Qb3 30. Ra5 Qb8+ 31. g3 Re8 32. Qa3 h4 33.
Bf4 hxg3+ 34. Bxg3 Qb3 35. Qd6 Bf8 36. Qd7 Re1 37.
Qxa4 Qf3 38. Ra8 Rh1# 0-1

[Event "Early-Titled-Tuesday-Blitz-January-23-2024"]
[Site "Chess.com"]
[Date "2024.01.23"]
[Round "2"]
[White "jhedigm"]
[Black "Mops_2004"]
[Result "0-1"]
[WhiteElo "2557"]
[BlackElo "2828"]
[TimeControl "180+1"]
[EndTime "8:17:53 PST"]
[Termination "Mops_2004 won by resignation"]

1. d4 g6 2. e4 Bg7 3. Nf3 d6 4. h3 Nf6 5. Nc3 O-O 6. Be3 a6 7. a4 Nc6 8. Be2 Re8 9. d5 Ne5 10. Nd2 e6 11. O-O exd5 12. exd5 b6 13. Re1 Bb7 14.
Nb3 Ned7 15. Bf3 Ne5 16. Be2 Ned7 17. Bf3 Nc5 18. Nd4 Nce4 19. Nxe4 Nxe4 20. c4 a5 21. Qc2 Nc5 22. Rad1 Qh4 23. Nb5 Na6 24. b3 Re7 25. Bd2 Rae8 26. Rxe7 Rxe7 27. Re1 Bc8 28. Rxe7 Qxe7 29. Qe4 Qd8 30. Qe3 Nc5 31. Bd1 Bd7 32. Nd4 h5 33. Bc3 Kh7 34. Bc2 Kg8 35. Kh2 Qh4 36. Nf3 Qd8 37. Bxg7 Kxg7 38. Nd2 h4 39.
Ne4 Nxe4 40. Bxe4 Qf6 41. f4 Kf8 42. g4 hxg3+ 43. Kxg3 Qa1 44. h4 Qd1 45. Bf3 Qa1 46. Bg2 Bf5 47. Bf3 Qb2 48. h5 gxh5 49. Bxh5 Bc2 50. Kh4 Qf6+ 51. Kg3 Qg7+ 52. Bg4 f5 53.
Kf2 Qxg4 0-1

[Event "Early-Titled-Tuesday-Blitz-January-23-2024"]
[Site "Chess.com"]
[Date "2024.01.23"]
[Round "2"]
[White "Doomfist26"]
[Black "BilodeauA"]
[Result "0-1"]
[WhiteElo "2602"]
[BlackElo "2926"]
[TimeControl "180+1"]
[EndTime "8:17:55 PST"]
[Termination "BilodeauA won by checkmate"]

1. d4 d5 2. c4 dxc4 3. Nf3 a6 4. a4 Nf6 5. e3 Bg4 6. Bxc4 e6 7. h3 Bh5 8. O-O Nc6 9. Nc3 Bd6 10. e4 Bxf3 11.
Qxf3 Nxd4 12. Qd1 Nc6 13. Bg5 h6 14. Be3 O-O 15. Qe2 Qe7 16. f4 e5 17. f5 Bc5 18. Nd5 Nxd5 19. Bxd5 Nd4 20. Bxd4 Bxd4+ 21. Kh1 c6 22. f6 gxf6 23. Bc4 Kh7 24. Rf5 Rg8 25.
Raf1 Rg6 26. g4 b5 27. axb5 axb5 28. Bb3 Rd8 29. Qc2 Rd6 30. Qd2 Bb6 31. Qb4 Kg7 32.
Qa3 Qd7 33. Qa6 Bc5 34. Qa2 Rd3 35. Kh2 Qd4 36. Bxf7 Rd2+ 37. Kg3 Rd3+ 38. Kh2 Rd2+ 39. Kg3 Rg5 40. Bh5 Rd3+ 41. Kh4 Qd7 42. Rxf6 Rxh5+ 43. Kxh5 Rxh3# 0-1

[Event "Early-Titled-Tuesday-Blitz-January-23-2024"]
[Site "Chess.com"]
[Date "2024.01.23"]
[Round "2"]
[White "Smiechu"]
[Black "karenzc"]
[Result "1-0"]
[WhiteElo "2479"]
[BlackElo "2185"]
[TimeControl "180+1"]
[EndTime "8:17:56 PST"]
[Termination "Smiechu won by checkmate"]

1. e4 c5 2. Nf3 Nc6 3. d4 cxd4 4. Nxd4 g6 5. Nc3 Bg7 6. Be3 Nf6 7. Bc4 d6 8. f3 O-O 9. Qd2 Re8 10. h4 Qa5 11. O-O-O Ne5 12. Bb3 a6 13. h5 Nxh5 14. g4 Nf6 15.
Qh2 e6 16. Rhg1 Bd7 17. g5 Nh5 18. f4 Nc6 19. f5 exf5 20. exf5 Rxe3 21. fxg6 hxg6 22.
Qxd6 Nxd4 23. Rxd4 Bf5 24. Rd5 Bxc3 25. Rxa5 Bxa5 26.
Qc5 Re1+ 27. Rxe1 Bxe1 28. Qc7 Rf8 29. Qxb7 Bg3 30. c4 Bf4+ 31. Kd1 Bg4+ 32. Kc2 Bf5+ 33. Kc3 a5 34. c5 Be5+ 35. Kd2 Rd8+ 36. Ke3 Rd3+ 37. Ke2 Nf4+ 38. Kf2 Ne6 39. Bxe6 Bxe6 40. c6 Rd2+ 41. Ke3 Rxb2 42. Qa8+ Kg7 43. Qxa5 Rc2 44.
Qxe5+ Kf8 45. c7 Ke7 46. a4 Ra2 47. Qc5+ Kd7 48. a5 Ra3+ 49. Kd4 Ra4+ 50. Ke5 Rc4 51.
c8=Q# 1-0

[Event "Early-Titled-Tuesday-Blitz-January-23-2024"]
[Site "Chess.com"]
[Date "2024.01.23"]
[Round "2"]
[White "rhungaski"]
[Black "invisible_s0ul"]
[Result "1-0"]
[WhiteElo "2505"]
[BlackElo "2248"]
[TimeControl "180+1"]
[EndTime "8:17:57 PST"]
[Termination "rhungaski won by resignation"]

1. e4 c5 2. Nf3 Nc6 3. d4 cxd4 4.
Nxd4 Nf6 5. Nc3 e6 6. Ndb5 Bb4 7. a3 Bxc3+ 8. Nxc3 d5 9. exd5 exd5 10. Bd3 d4 11. Ne2 Bg4 12. O-O O-O 13. Bg5 Qd6 14. Qd2 Rfe8 15.
Ng3 Ne5 16. Rae1 Nd5 17. Be4 f6 18. Qxd4 Be6 19. Bc1 Rad8 20. Rd1 Nc6 21. Qd3 h6 22. Bg6 Ne5 23. Qe4 Nxg6 24. Qxg6 Bf7 25. Qg4 Qe5 26. Nf5 g6 27. Nxh6+ Kg7 28. Nxf7 Kxf7 29. h3 Nb6 30. Qf3 Rd6 31. Rxd6 Qxd6 32. Qxb7+ Re7 33. Qa6 Qe5 34. b3 Nd5 35. Qd3 Nf4 36. Bxf4 Qxf4 37. g3 Qe5 38. h4 Kg7 39. Rd1 Qb2 40. a4 Qe5 41. Qd8 Qe2 42.
Rd7 Qe1+ 43. Kg2 Qe4+ 44. Kh2 Rxd7 45. Qxd7+ Kh6 46. Qxa7 Qf3 47. Qe3+ 1-0

[Event "Early-Titled-Tuesday-Blitz-January-23-2024"]
[Site "Chess.com"]
[Date "2024.01.23"]
[Round "2"]
[White "jkidjr22"]
[Black "jraosam"]
[Result "0-1"]
[WhiteElo "2383"]
[BlackElo "1924"]
[TimeControl "180+1"]
[EndTime "8:17:57 PST"]
[Termination "jraosam won by resignation"]

1. d4 d5 2. Bf4 Nf6 3. e3 c5 4. Nc3 Qb6 5. Nb5 Na6 6. a4 Bd7 7. Nf3 e6 8. Ne5 Be7 9. Nxd7 Nxd7 10. Qg4 g6 11. h4 h5 12. Qg3 Nf6 13. Bc7 Nxc7 14.
Nxc7+ Kd7 15. Nxa8 Rxa8 16. Bb5+ Kd8 17. O-O cxd4 18. exd4 Qxd4 19. Rad1 Qb4 20. c4 a6 21. cxd5 axb5 22. dxe6+ Ke8 23. axb5 Qxb5 24. Rfe1 fxe6 25.
Qxg6+ Kf8 26. Rxe6 Qxb2 27. Rde1 Re8 28. Qh6+ Kf7 29.
Rxf6+ Qxf6 30. Qxh5+ Qg6 31. Qd5+ Kg7 32. Re6 Qf7 33.
Qe4 Kf8 34. Rh6 Bf6 35. Qb4+ Kg7 36. Qd2 Qe7 37. Rh5 Qe1+ 38. Qxe1 Rxe1+ 39. Kh2 Re5 40. Rxe5 Bxe5+ 41. Kh3 b5 42. Kg4 b4 43. Kf5 b3 44.
Kxe5 b2 45. Kf4 b1=Q 46. g4 Qb4+ 47. Kg3 Qd6+ 48. Kg2 Qf4 49. f3 Kg6 50. Kf2 Qh2+ 51. Ke3 Qxh4 0-1

[Event "Early-Titled-Tuesday-Blitz-January-23-2024"]
[Site "Chess.com"]
[Date "2024.01.23"]
[Round "2"]
[White "Ticondriul"]
[Black "chess_blitz00"]
[Result "0-1"]
[WhiteElo "2719"]
[BlackElo "2468"]
[TimeControl "180+1"]
[EndTime "8:17:58 PST"]
[Termination "chess_blitz00 won by resignation"]

1. d4 d6 2. Nf3 Nf6 3. e3 b6 4. c4 Bb7 5. Nc3 Nbd7 6. Be2 e5 7. O-O Be7 8. b4 a5 9. b5 O-O 10. a4 Re8 11. Ba3 Bf8 12. Qc2 exd4 13. exd4 Ne4 14. Nxe4 Bxe4 15. Qc3 Nf6 16. Rfe1 Qd7 17.
Rad1 h6 18. h3 Nh5 19. Bc1 Nf6 20. c5 dxc5 21. dxc5 Nd5 22. Qc4 Bxc5 23. Bb2 Rad8 24. Ne5 Qf5 25. Nf3 Nb4 26. Qc3 f6 27. Qb3+ Kh8 28. Bd4 Bxf3 29. Bxf3 Bxd4 30. Rxe8+ Rxe8 31. Rxd4 Qc2 32. Qxc2 Nxc2 33. Rd7 Ne1 34. Bc6 Re5 35.
Rxc7 h5 36. Rb7 Nd3 37. Rxb6 Nc5 38. Rb8+ Kh7 39. Re8 Rxe8 40. Bxe8 Nxa4 41. Bd7 Nb6 42. Bf5+ g6 43. Bb1 Kg7 44. Ba2 Kf8 45. Kf1 Ke7 46.
Ke2 Kd6 47. Bb1 g5 48. h4 gxh4 49. Kf3 Kc5 50. Bd3 a4 51. Kf4 a3 52. Bb1 Nd5+ 53. Kf5 Nc3 54. Ba2 Nxa2 55. Kxf6 Nc3 0-1

[Event "Early-Titled-Tuesday-Blitz-January-23-2024"]
[Site "Chess.com"]
[Date "2024.01.23"]
[Round "2"]
[White "Vazabanga"]
[Black "Raud100"]
[Result "0-1"]
[WhiteElo "2663"]
[BlackElo "2393"]
[TimeControl "180+1"]
[EndTime "8:17:58 PST"]
[Termination "Raud100 won by checkmate"]

1. d4 d5 2. c4 c6 3. Nf3 Nf6 4. Qb3 Qb6 5. c5 Qxb3 6. axb3 Bf5 7. b4 Bxb1 8. Rxb1 a6 9. Bf4 Nbd7 10. h3 Ne4 11. e3 g6 12. Bd3 f5 13. Ne5 Nxe5 14. Bxe5 Rg8 15. f3 Nf6 16. Bxf6 exf6 17. f4 Kf7 18. g4 fxg4 19. hxg4 h6 20. Kf2 Re8 21.
Rbf1 Bg7 22. Ke2 Re7 23. Kd2 Rge8 24. Rf3 Re6 25. Rfh3 R6e7 26. Rf3 Bf8 27. Rhh3 Bg7 28.
Kc3 Rd8 29. Kb3 Rde8 30. Ka4 Bf8 31. Ka5 Bg7 32. Kb6 Bf8 33. Ka5 Bg7 34. Ka4 Bf8 35.
Kb3 Bg7 36. Kc3 Bf8 37. Bc2 Bg7 38. Kd3 Bf8 39. Kd2 Bg7 40. Rh1 Bf8 41. Ra1 Bg7 42.
b5 axb5 43. Ra7 Bf8 44. Bd3 Bg7 45. b3 Bf8 46. Rh3 Bg7 47. Rg3 Bf8 48. Ra1 Bg7 49. Re1 Bf8 50. Rg2 Bg7 51. Rge2 Bf8 52. f5 g5 53. e4 dxe4 54. Bxe4 Rd7 55. Kc3 Red8 56. d5 cxd5 57. Bd3 Bxc5 58. Bxb5 Rc7 59. Kd3 Bd6 60. Re6 Be5 61. Rd1 Rd6 62. Re8 Rb6 63. Ba4 Rb4 64. Rh8 Kg7 65. Rd8 Rd4+ 66. Ke2 Rc2+ 67.
Ke1 Bg3+ 68. Kf1 Rxd1# 0-1

[Event "Early-Titled-Tuesday-Blitz-January-23-2024"]
[Site "Chess.com"]
[Date "2024.01.23"]
[Round "2"]
[White "SARGISMV"]
[Black "ChessGiantYouTube"]
[Result "0-1"]
[WhiteElo "2474"]
[BlackElo "2223"]
[TimeControl "180+1"]
[EndTime "8:17:58 PST"]
[Termination "ChessGiantYouTube won by resignation"]

1. Nf3 g6 2. c4 Bg7 3. Nc3 d6 4. h4 h6 5. e4 e6 6. d4 Ne7 7.
Be2 b6 8. Be3 Bb7 9. Qd2 Nd7 10.
O-O f5 11. exf5 Nxf5 12. h5 g5 13. Rae1 O-O 14. Nh2 Qf6 15. d5 Rae8 16. Ng4 Qf7 17.
Nb5 Nc5 18. Bxc5 bxc5 19. Bf3 exd5 20. Bxd5 Bxd5 21. Qxd5 Qxd5 22. cxd5 Bxb2 23. Nxc7 Rxe1 24. Rxe1 Bd4 25. Ne6 Rf7 26. Nxd4 cxd4 27. Re6 Kh7 28. Kf1 Rb7 29. Nf6+ Kh8 30. Ne4 d3 31. Ke1 Nd4 32. Kd2 Nxe6 33. dxe6 Re7 34. Nxd6 Rxe6 35. Nf5 Ra6 36.
Kxd3 Rxa2 37. Nxh6 Rxf2 38. g4 a5 39. Ke3 Rf8 40.
Kd4 a4 41. Kc3 Rb8 42. Nf7+ Kg7 43. Nxg5 a3 44. Ne6+ Kf6 45. Nd4 a2 46. Nc2 Rb1 47. h6 a1=Q+ 48. Nxa1 Rxa1 49. Kd3 Kg6 50. Ke3 Kxh6 51.
Kf4 Kg6 52. Kg3 Ra5 0-1

[Event "Early-Titled-Tuesday-Blitz-January-23-2024"]
[Site "Chess.com"]
[Date "2024.01.23"]
[Round "2"]
[White "UnTucopalaTimba"]
[Black "LeoLV10"]
[Result "0-1"]
[WhiteElo "1969"]
[BlackElo "2438"]
[TimeControl "180+1"]
[EndTime "8:17:58 PST"]
[Termination "LeoLV10 won on time"]

1. e4 c6 2. d4 d5 3. Nc3 dxe4 4. Nxe4 Nf6 5. Nxf6+ exf6 6. c3 Bd6 7. Bd3 O-O 8. Ne2 Re8 9. O-O h5 10. Ng3 h4 11. Nf5 Bxf5 12. Bxf5 g6 13. Qg4 Kg7 14. Bd3 Rh8 15. h3 Nd7 16. Bf4 Qc7 17. Bxd6 Qxd6 18. Rfe1 Rh5 19. f4 f5 20. Qf3 Nf6 21.
Bc2 Rhh8 22. Re5 Nd7 23. Re2 Rhe8 24. Rae1 Qf8 25. Bb3 Rxe2 26. Qxe2 Nf6 27. Qf2 Re8 28. Qxh4 Rxe1+ 29. Qxe1 c5 30. Qe3 cxd4 31. Qxd4 a6 32.
a4 Qe7 33. Kf2 Kh7 34. Qc4 Ne4+ 35. Kg1 Kg7 36. Qd4+ Kg8 37. Qc4 Nd2 38. Qc8+ Kg7 39. Bc4 Qe1+ 40. Kh2 Qe4 41. Ba2 Qxf4+ 42. Kg1 Qe3+ 43.
Kh2 Qe5+ 44. Kg1 Qe1+ 45. Kh2 Nf1+ 46. Kg1 Ng3+ 47. Kh2 f4 0-1